 Dungeon Crawl Stone Soup version 0.30-a0-359-gd0147acb1a (webtiles) character file.

Game seed: 12658700128239994065

3959 holysushi the Geomancer (level 10, -7/69 HPs)
             Began as a Meteoran Earth Elementalist on Nov 12, 2022.
             Was an Elder of Lugonu.
             Succumbed to a green ugly thing's poison
             ... on level 9 of the Dungeon.
             The game lasted 00:20:49 (3209 turns).

holysushi the Geomancer (MeEE)                      Turns: 3209, Time: 00:20:50

Health: -7/69      AC:  5    Str: 10    XL:     10   Next: 73%
Magic:  15/15      EV: 20    Int: 22    God:    Lugonu [****..]
Gold:   386        SH:  0    Dex: 14    Spells: 8/14 levels left

rFire   . . .      SeeInvis .    E - +2 dagger (speed)
rCold   . . .      Faith    +    (no shield)
rNeg    . . .      Spirit   .    D - +2 robe {Will+}
rPois   .          Reflect  .    (no helmet)
rElec   .          Harm     .    (no cloak)
rCorr   .          Rampage  .    d - +0 pair of gloves
Will    +++..                    (no boots)
Stlth   +.........               A - amulet of faith
HPRegen 0.31/turn                y - +4 ring of evasion
MPRegen 0.14/turn                B - ring of willpower

@: lethally poisoned (-7 -> -74), glowing
A: sense surroundings 2, otherworldly, glowing, explore regen
a: Renounce Religion, Depart the Abyss, Banish, Corrupt


You were on level 9 of the Dungeon.
You worshipped Lugonu.
Lugonu was greatly pleased with you.
You visited 1 branch of the dungeon, and saw 10 of its levels.

You collected 386 gold pieces.

Inventory:

Hand Weapons
 p - a +1 falchion
 z - a +2 vorpal long sword
 E - a +2 dagger of speed (weapon)
Missiles
 i - a throwing net
 l - 3 javelins
Armour
 a - a +0 robe
 d - a +0 pair of gloves (worn)
 D - a +2 robe of willpower (worn)
 F - a +2 leather armour of positive energy
Magical Staves
 C - a staff of air
Jewellery
 y - a +4 ring of evasion (left hand)
 A - an amulet of faith (around neck)
 B - a ring of willpower (right hand)
Wands
 r - a wand of acid (9)
 s - a wand of charming (3)
 x - a wand of polymorph (12)
Scrolls
 f - 3 scrolls of teleportation
 k - a scroll of noise
 n - 2 scrolls of enchant armour
 q - a scroll of immolation
 t - 2 scrolls of poison
 v - 3 scrolls of identify
 w - a scroll of vulnerability
Potions
 b - 2 potions of magic
 c - a potion of flight
 g - 2 potions of mutation
 h - 5 potions of curing
 j - 2 potions of brilliance
 o - 3 potions of attraction
 u - a potion of might


   Skills:
 + Level 9.7 Dodging
 - Level 1.4 Stealth
 - Level 2.6 Spellcasting
 - Level 1.2 Transmutations
 - Level 12.0 Earth Magic
 + Level 6.6 Invocations
 + Level 6.2 Evocations


You had 8 spell levels left.
You knew the following spells:

 Your Spells              Type           Power      Damage    Failure   Level
a - Sandblast             Erth           100%       2d20      1%          1
b - Passwall              Tmut/Erth      26%        N/A       1%          2
c - Stone Arrow           Conj/Erth      58%        3d10      3%          3

Your spell library contained the following spells:

 Spells                   Type           Power      Damage    Failure   Level
 Petrify                  Tmut/Erth      32%        N/A       9%          4
 Sting                    Tmut/Pois      20%        1d4       10%         1
 Foxfire                  Conj/Fire      8%         2x1d4     13%         1
 Necrotise                Necr           8%         1d4       13%         1
 Slow                     Hex            8%         N/A       13%         1
 Confusing Touch          Hex            2%         N/A       36%         3
 Tukima's Dance           Hex            2%         N/A       36%         3
 Vampiric Draining        Necr           2%         2d6       36%         3
 Passage of Golubria      Tloc           2%         N/A       77%         4
 Yara's Violent Unravell  Hex/Tmut       2%         3d3       95%         5
 Fireball                 Conj/Fire      1%         3d3       98%         5
 Starburst                Conj/Fire      1%         6d3       100%        6


Dungeon Overview and Level Annotations

Branches:
Dungeon (10/15) Zot: 2684  Temple (0/1) D:5
   Lair: D:8-11         Orc: D:9-12

Altars:
Fedhas
Hepliaklqana
Nemelex Xobeh
Qazlal
Sif Muna
Uskayaw
Yredelemnul
Zin
The Shining One
Lugonu

Annotations:
D:4 1 transporter, deadpool521's ghost, amateur MiGl


Innate Abilities, Weirdness & Mutations

You passively map the area around you.
You are easily found by Zot.
You glow in the dark.
You regain HP and MP as you explore.


Message History

Aiming: Mindburst
Press: ? - help, Shift-Dir - straight line, f/p - green ugly thing
Aim: a green ugly thing (moderately wounded, chance to affect: 71%)
The green ugly thing struggles to resist.
Aiming: Mindburst
Press: ? - help, Shift-Dir - straight line, f/p - green ugly thing
Aim: a green ugly thing (moderately wounded, chance to affect: 71%)
The green ugly thing struggles to resist.
A troll comes into view.
Aiming: Mindburst
Press: ? - help, Shift-Dir - straight line, f/p - green ugly thing
Aim: a green ugly thing (moderately wounded, chance to affect: 71%)
The green ugly thing's mind is blasted!!
The now-empty wand crumbles to dust.
The green ugly thing pecks you.
No previous command to re-do.
Aiming: Corrosive Bolt
Press: ? - help, Shift-Dir - straight line, f - troll, p - green ugly thing
Aim: a troll (74% to hit)
The bolt of acid misses the green ugly thing.
The bolt of acid misses the troll.
The green ugly thing closely misses you.
Aiming: Corrosive Bolt
Press: ? - help, Shift-Dir - straight line, p - troll The bolt of acid hits the green ugly thing!
The acid corrodes the green ugly thing!
The green ugly thing is severely wounded.
The bolt of acid hits the troll!
The acid corrodes the troll!
The troll is moderately wounded.
The green ugly thing pecks you.
You are lethally poisoned!
The green ugly thing poisons you!
Unknown command.
* * * LOW HITPOINT WARNING * * *
You feel extremely sick.
The green ugly thing attacks as you move away!
The green ugly thing pecks you!
* * * LOW HITPOINT WARNING * * *
You are more poisoned.
The green ugly thing poisons you!
You die...

..... ** * .... ,
,* , *... ..# ,,
**, ##..# , ,*
#...# * , , #...#
,#..), ,.. ##.#
..)u, ...#. #.@#. ,
).. ..#... #..#..
..##. #...
#Tu#..)###J.. #..#
#..##....... ##..#
#...#......####...#
#...###..........#
#.....#####......##
#..................
##.##............##


You could see a green ugly thing (corroded) and a troll (corroded).

Vanquished Creatures
  A tengu conjurer (D:9)
  Sigmund (D:6)
  A shadow (D:9)
  4 fire bats (D:8)
  A wyvern (D:7)
  A steam dragon (D:8)
  An acid dragon (D:9)
  A water moccasin (D:7)
  A hell hound (D:8)
  A sky beast (D:7)
  An orc warrior (D:7)
  The ghost of NickelLess the Firebug, an amateur OgFE (D:3)
  A black bear (D:5)
  2 ogres
  A centaur (D:6)
  A kobold brigand (D:9)
  A bullfrog (D:8)
  3 scorpions
  3 wights (D:7)
  6 howler monkeys
  5 jellies
  A hound (D:4)
  3 gnoll boudas
  4 orc priests
  2 orc wizards
  3 iguanas
  16 gnolls
  4 adders
  A white imp (D:7)
  An ufetubus (D:6)
  A worm (D:2)
  A dart slug (D:4)
  21 orcs
  6 ball pythons
  4 endoplasms
  4 goblins
  7 hobgoblins
  2 jackals (D:1)
  10 kobolds
  5 bats
  3 frilled lizards
  6 rats
  A spectral kobold (D:8)
  3 fire vortices (D:8)
147 creatures vanquished.

Vanquished Creatures (collateral kills)
  A slime creature (D:9)
  A lava snake (D:8)
2 creatures vanquished.

Vanquished Creatures (others)
  2 plants
  3 withered plants (D:2)
5 creatures vanquished.

Grand Total: 154 creatures vanquished

Notes
Turn   | Place    | Note
-------+----------+-------------------------------------------
     0 | D:1      | holysushi the Meteoran Earth Elementalist began the quest
                  | for the Orb.
     0 | D:1      | Reached XP level 1. HP: 14/14 MP: 5/5
    18 | D:1      | Reached skill level 4 in Earth Magic
    20 | D:1      | Reached XP level 2. HP: 20/20 MP: 3/6
   171 | D:1      | Reached XP level 3. HP: 26/26 MP: 6/8
   270 | D:2      | Learned a level 2 spell: Passwall
   274 | D:2      | Learned a level 3 spell: Stone Arrow
   285 | D:2      | Found a faded altar of an unknown god.
   311 | D:2      | Prayed at the altar of an unknown god.
   311 | D:2      | Became a worshipper of Lugonu the Unformed
   311 | D:2      | Reached * piety under Lugonu
   311 | D:2      | Reached ** piety under Lugonu
   348 | D:2      | Reached skill level 5 in Earth Magic
   541 | D:3      | Reached XP level 4. HP: 33/33 MP: 7/9
   660 | D:4      | Reached skill level 6 in Earth Magic
   676 | D:3      | Found a glowing silver altar of Zin.
   799 | D:3      | Found a runed translucent door.
   799 | D:3      | Noticed NickelLess's ghost (amateur OgFE)
   817 | D:3      | Killed NickelLess's ghost
   818 | D:3      | Reached skill level 7 in Earth Magic
   818 | D:3      | Reached XP level 5. HP: 9/38 MP: 1/10
   818 | D:3      | Reached XP level 6. HP: 11/45 MP: 1/11
  1068 | D:4      | Reached skill level 8 in Earth Magic
  1100 | D:5      | Entered Level 5 of the Dungeon
  1126 | D:4      | Found a blossoming altar of Fedhas.
  1197 | D:4      | Found a transporter.
  1197 | D:4      | Noticed deadpool521's ghost (amateur MiGl)
  1223 | D:4      | Reached XP level 7. HP: 45/50 MP: 9/12
  1224 | D:4      | Reached *** piety under Lugonu
  1277 | D:5      | Found a staircase to the Ecumenical Temple.
  1430 | D:6      | Noticed Sigmund
  1442 | D:6      | Killed Sigmund
  1443 | D:6      | Reached skill level 9 in Earth Magic
  1467 | D:6      | Reached skill level 10 in Earth Magic
  1467 | D:6      | Reached XP level 8. HP: 57/57 MP: 9/13
  1554 | D:6      | Reached skill level 1 in Invocations
  1571 | D:6      | Reached skill level 1 in Evocations
  1597 | D:6      | Found a shimmering blue altar of Sif Muna.
  1606 | D:6      | Got Sif Muna's Verses on Variable Evil
  1937 | D:7      | Gained mutation: You passively map the area around you.
                  | [Meteoran growth]
  1937 | D:7      | Reached XP level 9. HP: 62/62 MP: 12/14
  1973 | D:7      | Reached skill level 11 in Earth Magic
  1992 | D:7      | Reached skill level 5 in Dodging
  2061 | D:7      | Found a hide-covered altar of Uskayaw.
  2181 | D:7      | Reached **** piety under Lugonu
  2473 | D:8      | Reached skill level 12 in Earth Magic
  2580 | D:8      | Reached XP level 10. HP: 69/69 MP: 13/15
  2688 | D:8      | Noticed a white ugly thing
  2799 | D:8      | Reached skill level 5 in Invocations
  2808 | D:8      | Found a hazy altar of Hepliaklqana.
  2818 | D:8      | Reached skill level 5 in Evocations
  2990 | D:9      | Found a basalt altar of Yredelemnul.
  3025 | D:9      | Found a stormy altar of Qazlal.
  3026 | D:9      | Found a sparkling altar of Nemelex Xobeh.
  3033 | D:10     | Entered Level 10 of the Dungeon
  3081 | D:9      | Found a glowing golden altar of the Shining One.
  3162 | D:9      | Noticed a tengu conjurer
  3162 | D:9      | Found the +7 lajatang of Order {silver, rMut}
  3163 | D:9      | Noticed a green ugly thing
  3200 | D:9      | Killed a tengu conjurer
  3209 | D:9      | Succumbed to a green ugly thing's poison

Illustrated notes

Levels and vault maps discovered:
D:1:      roderic_crossed_star, layout_basic
D:2:      layout_loops_cross, shapermc_ecumenical_altar_flowoftime,
          minmay_pentomino_z4
D:3:      layout_basic, amcnicky_altar_gilded, hellmonk_ghost_happy_afterlife
D:4:      layout_rooms, nicolae_overflow_crystal_walls, gammafunk_ghost_arena,
          hangedman_decor_points, hangedman_feature_mirror
D:5:      layout_loops_ring, minmay_temple_entry_gardened_gates,
          grunt_decor_clamped, serial_bayou_pond_e,
          chequers_serial_rivers_room_b, kennysheep_opposing_triangles
D:6:      layout_loops_ring, nzn_overflow_gifts_of_might_and_magic,
          hangedman_glass_garden, uniq_sigmund
D:7:      minmay_chambers_of_fours, layout_basic,
          nicolae_uskayaw_murder_on_the_dancefloor, serial_aquarium,
          aquarium_bridge_straight [aquarium_subvault_bridge,
          aquarium_subvault_wall, aquarium_subvault_bridge,
          aquarium_subvault_wall], aquarium_window_2, aquarium_window_fake,
          aquarium_window_corridor_3, aquarium_window_corner, aquarium_view_2d,
          aquarium_view_2f, aquarium_balcony_3a
D:8:      layout_basic, nicolae_hepliaklqana_monster_ancestors, minivault_22,
          hangedman_incinerator
D:9:      layout_loops_ring, tso_oasis_becter, grunt_temple_overflow_open,
          minmay_radiant
D:10:     lemuel_vampire_tower, layout_irregular_city, lair_entry_dummy,
          hangedman_decor_slide_cut, lightli_corner_chamber, uniq_maurice

Skill      XL: |  1  2  3  4  5  6  7  8  9 10 |
---------------+-------------------------------+-----
Earth Magic    | 4 5 7 8 10 12 | 12.0
Invocations    | 3 4 6 |  6.6
Evocations     | 3 4 6 |  6.2
Dodging        | 4 7 9 |  9.7
Stealth        | |  1.4
Spellcasting   | |  2.6
Transmutations | |  1.2

Action                   |  1- 3 |  4- 6 |  7- 9 | 10-12 || total
-------------------------+-------+-------+-------+-------++-------
Melee: Unarmed           |     5 |     3 |       |       ||     8
       Dagger            |       |       |       |     1 ||     1
 Cast: Sandblast         |    43 |    47 |    99 |    39 ||   228
       Passwall          |       |       |     2 |       ||     2
       Stone Arrow       |       |       |     7 |     8 ||    15
Evoke: Wand              |       |       |       |    18 ||    18
  Use: Scroll            |     6 |     4 |     4 |     5 ||    19
       Potion            |       |       |       |     5 ||     5
Armor: Robe              |     8 |     4 |    13 |     3 ||    28
Dodge: Dodged            |    16 |    19 |    40 |    40 ||   115

Table legend: (Time is in decaauts)
 A = Elapsed time spent in this place.
 B = Non-inter-level travel time spent in this place.
 C = Inter-level travel time spent in this place.
 D = Time resting spent in this place.
 E = Time spent auto-exploring this place.
 F = Levels seen in this place.
 G = Mean time per level.
                   A        B        C        D        E       F      G
               +--------+--------+--------+--------+--------+-----+--------+
         Total |   3315 |   3141 |    174 |      3 |     13 |  10 |  331.5 |
       Dungeon |   3315 |   3141 |    174 |      3 |     13 |  10 |  331.5 |
               +--------+--------+--------+--------+--------+-----+--------+

Top non-repeatable levels by time:
     D:7: 701 daAuts
     D:3: 488 daAuts
     D:8: 475 daAuts
     D:6: 383 daAuts
     D:4: 287 daAuts
     D:2: 260 daAuts
     D:9: 256 daAuts
     D:1: 251 daAuts
     D:5: 210 daAuts
    D:10: 1 daAuts
